 Dungeon Crawl Stone Soup version 0.22-a0-136-g83a10e5 (webtiles) character file.

303806 Amnesiac the Tortoise (level 20, -7/191 HPs)
             Began as a Minotaur Fighter on Feb 3, 2018.
             Was the Champion of Okawaru.
             Killed from afar by a deep elf sorcerer (38 damage)
             ... with a bolt of acid
             ... on level 5 of the Vaults.
             The game lasted 01:07:46 (33209 turns).

Amnesiac the Tortoise (Minotaur Fighter)           Turns: 33209, Time: 01:07:47

Health: -7/191     AC: 35    Str: 32    XL:     20   Next: 24%
Magic:  23/25      EV: 21    Int: 11    God:    Okawaru [******]
Gold:   1416       SH: 26    Dex: 13    Spells: 7/19 levels left

rFire    + + +     SeeInvis +   a - +8 broad axe of Generosity {freeze, Str+3 Int+3}
rCold    + . .     Gourm    .   g - +2 large shield {rC+}
rNeg     + . .     Faith    .   W - +6 plate armour "Lynu" {rF++}
rPois    +         Spirit   .   U - +2 hat
rElec    .         Reflect  .   Q - +0 cloak of Pragmatism {Slay+2}
rCorr    .         Harm     .   A - +2 pair of gloves
MR       ++...                  y - +1 pair of boots {Fly}
Stlth    ..........             S - macabre finger necklace {rN+}
HPRegen  0.41/turn              Z - ring "Para" {rPois Int+3 Dex+2 SInv}
MPRegen  0.19/turn              X - +4 ring of evasion
                                K - ring of Muib {rF+ MR+}

@: about to teleport, finesse
A: retaliatory headbutt, horns 2
}: 2/15 runes: barnacled, gossamer
a: Heroism, Finesse, Renounce Religion, Evoke Flight


You were on level 5 of the Vaults.
You worshipped Okawaru.
Okawaru was exalted by your worship.
You were hungry.

You visited 7 branches of the dungeon, and saw 36 of its levels.
You visited 1 bazaar.
You also visited: Ossuary and Ice Cave.

You collected 3612 gold pieces.
You spent 2196 gold pieces at shops.

Inventory:

Hand Weapons
 a - the +8 broad axe of Generosity (weapon) {freeze, Str+3 Int+3}
   (Okawaru gifted it to you in an ice cave)

   It has been specially enchanted to freeze those struck by it, causing extra
   injury to most foes and up to half again as much damage against particularly
   susceptible opponents.
   It can also slow down cold-blooded creatures.
   It affects your strength (+3).
   It affects your intelligence (+3).
 b - a +8 blowgun
 s - a +1 antimagic broad axe
 L - a +2 war axe of flaming
Missiles
 w - 4 throwing nets (quivered)
 x - 67 poisoned needles
 I - 6 curare-tipped needles
 M - 6 needles of sleeping
Armour
 g - a +2 large shield of cold resistance (worn)
 t - a scarf of spirit shield
 y - a +1 pair of boots of flying (worn)
 A - a +2 pair of gloves (worn)
 Q - the +0 cloak of Pragmatism (worn) {Slay+2}
   (You found it on level 1 of the Lair of Beasts)

   It affects your accuracy and damage with ranged weapons and melee attacks
   (+2).
 U - a +2 hat (worn)
 W - the +6 plate armour "Lynu" (worn) {rF++}
   (You found it on level 4 of the Lair of Beasts)

   It greatly protects you from fire.
Jewellery
 K - the ring of Muib (on amulet) {rF+ MR+}
   (You acquired it on level 1 of the Orcish Mines)

   [ring of protection from magic]

   It protects you from fire.
   It affects your resistance to hostile enchantments.
 N - the ring "Huybuc" {rElec rC- MR+ Int+3 SInv}
   (You found it on level 11 of the Dungeon)

   [ring of see invisible]

   It affects your intelligence (+3).
   It makes you vulnerable to cold.
   It insulates you from electricity.
   It affects your resistance to hostile enchantments.
   It lets you see invisible.
 S - the macabre finger necklace (around neck) {rN+}
   (You found it on level 2 of the Lair of Beasts)

   [amulet of nothing]

   It protects you from negative energy.
 X - a +4 ring of evasion (right hand)
 Z - the ring "Para" (left hand) {rPois Int+3 Dex+2 SInv}
   (You found it in an ice cave)

   [ring of intelligence]

   It affects your intelligence (+3).
   It affects your dexterity (+2).
   It protects you from poison.
   It lets you see invisible.
Wands
 C - a wand of digging (10)
Scrolls
 e - a scroll of enchant armour {!r}
 h - a scroll of silence {!r}
 l - 13 scrolls of remove curse {!r}
 o - 11 scrolls of amnesia {!r}
 p - 4 scrolls of blinking {!r}
 q - 17 scrolls of teleportation {!r}
 D - 5 scrolls of fog {!r}
 G - 6 scrolls of identify {!r}
 H - a scroll of brand weapon {!r}
 P - 2 scrolls of fear {!r}
 V - 8 scrolls of magic mapping {!r}
Potions
 c - 5 potions of flight {!q}
 d - 6 potions of might {!q}
 j - 3 potions of heal wounds {!q}
 k - a potion of lignification {!q}
 m - 20 potions of curing {!q}
 n - 2 potions of cancellation {!q}
 r - 5 potions of agility {!q}
 v - 3 potions of berserk rage {!q}
 z - a potion of magic {!q}
 B - 6 potions of mutation {!q}
 E - 2 potions of haste {!q}
 F - 2 potions of ambrosia {!q}
 J - 2 potions of brilliance {!q}
 O - a potion of invisibility {!q}
Comestibles
 f - 39 rations
 i - 9 chunks of flesh


   Skills:
 * Level 19.4 Fighting
 + Level 18.2 Axes
 * Level 19.5 Armour
 * Level 18.4 Dodging
 * Level 19.4 Shields
 + Level 8.5 Invocations


You had 7 spell levels left.
You knew the following spells:

 Your Spells              Type           Power        Failure   Level  Hunger
a - Poisonous Vapours     Pois/Air       #.....       99%         2    ###....
b - Spectral Weapon       Hex/Chrm       #.......     100%        3    ####...
c - Summon Butterflies    Summ           #.......     95%         1    ##.....
e - Mephitic Cloud        Conj/Pois/Air  #.......     100%        3    ####...
r - Regeneration          Chrm/Necr      #.........   100%        3    ####...


Dungeon Overview and Level Annotations

Branches:
Dungeon (14/15)            Temple (1/1) D:5            Lair (6/6) D:11
 Shoals (4/4) Lair:3       Spider (4/4) Lair:4        Slime (0/5) Lair:6
    Orc (2/2) D:11            Elf (0/3) Orc:2        Vaults (5/5) D:14
  Crypt: Vaults:2-3

Altars:
Ashenzari
Cheibriados
Dithmenos
Elyvilon
Fedhas
Gozag
Hepliaklqana
Kikubaaqudgha
Makhleb
Nemelex Xobeh
Okawaru
Qazlal
Ru
Sif Muna
Trog
Uskayaw
Vehumet
Wu Jian
Xom
Yredelemnul
Zin
The Shining One
Beogh

Shops:
D:6 :   D:7 }}[   D:11 }   Orc:1 *   Orc:2 ![=(   Vaults:4 =

Portals:
Hell: Lair:6


Innate Abilities, Weirdness & Mutations

You reflexively headbutt those who attack you in melee.
You have a pair of horns on your head.


Message History

You freeze the small abomination.
You hit the small abomination but do no damage.
You hit the frost giant but do no damage.
The stone giant throws a large rock.
The large rock closely misses you.
The large rock hits the small abomination!!
The small abomination completely misses you.
You furiously retaliate!
You headbutt the small abomination!
Unknown command.
Okay, then.
Really read
q - 18 scrolls of teleportation {!r}?
As you read the scroll of teleportation {!r}, it crumbles to dust.
You feel strangely unstable.
You block the small abomination's attack.
The titan completely misses you.
The phantasmal warrior blinks!
The small abomination completely misses you.
You block the frost giant's attack. The small abomination misses you.
You furiously retaliate!
You headbutt the small abomination! You barely miss the titan.
You slash the small abomination! You freeze the small abomination.
You completely miss the stone giant. You slice the frost giant!!
You hit the small abomination but do no damage.
You slice the small abomination!! You freeze the small abomination!
You block the titan's attack.
The phantasmal warrior blinks!
The deep elf sorcerer mumbles some strange words.
You feel disoriented.
You slash the titan! You freeze the titan.
You headbutt the titan, but do no damage.
The titan is lightly wounded.
You hit the small abomination. You freeze the small abomination.
You slash the small abomination! You freeze the small abomination.
You destroy the small abomination!
Okawaru accepts your kill.
You slash the frost giant! You slice the stone giant!!
You freeze the stone giant! You slash the deep elf sorcerer!
You freeze the deep elf sorcerer. You slice the small abomination!!
You freeze the small abomination.
The small abomination hits you but does no damage.
The stone giant hits you!
* * * LOW HITPOINT WARNING * * *
You block the small abomination's attack.
You slice the titan!! You freeze the titan!
The titan is heavily wounded.
You closely miss the small abomination. You hit the frost giant.
You hit the stone giant but do no damage.
You slice the deep elf sorcerer!! You freeze the deep elf sorcerer.
You slash the small abomination! You freeze the small abomination.
You destroy the small abomination!
Okawaru accepts your kill.
A crawling corpse merges with a small abomination to form a large abomination.
The vault sentinel blows a loud note on a signal horn!
The frost giant barely misses you.
You hear a shout! x7
A yaktaur comes into view.
You slice the titan!! You freeze the titan. You headbutt the titan.
The titan is severely wounded.
You closely miss the large abomination. You hit the frost giant.
You slash the stone giant! You freeze the stone giant.
You hit the deep elf sorcerer. You freeze the deep elf sorcerer.
The titan hits you!!
* * * LOW HITPOINT WARNING * * *
You block the large abomination's attack.
The deep elf sorcerer casts a spell at you.
The bolt of acid hits you!
You die...

. # #....# .!#.
#....#
....#####....#
......#....# .
#....#....# p.
#...#....# ...
#..#[)..#c...
##eC)X..p....
####.C@Cpc..###
.......e<<......
.......<))<.....
.....W...<<.....?
.................
######........###
...........
...#....#....
##..#..$.#..#.


You could see a titan, a frost giant, a stone giant, a vault warden, a yaktaur
captain, a deep elf death mage, a deep elf sorcerer, a vault sentinel, a large
abomination, a phantasmal warrior and a yaktaur.

Vanquished Creatures
  A golden dragon (Vaults:5)
  A lich (Vaults:4)
  Rupert (Spider:1)
  2 titans (Vaults:5)
  3 krakens
  2 shadow dragons (Vaults:5)
  The ghost of tsouns the Fighter, an adept GnWn of Lugonu (Shoals:3)
  The ghost of stickyfingers the Peltast, an adept OpCK of Xom (Spider:4)
  A fire giant (Vaults:4)
  11 vault wardens
  Ilsuiw (Shoals:4)
  2 deep elf sorcerers
  5 ghost moths
  A frost giant (Vaults:4)
  4 emperor scorpions (Spider:4)
  A ghoul (Vaults:1)
  An orc warlord (Orc:2)
  2 very ugly things (Vaults:1)
  7 entropy weavers
  3 stone giants
  4 ironheart preservers
  Azrael (D:13)
  Nessos (Orc:2)
  A deep elf demonologist (Vaults:5)
  3 merfolk javelineers
  5 merfolk impalers
  A fire dragon (Vaults:2)
  2 ettins
  A deep elf death mage (Vaults:4)
  Josephine (Lair:5)
  A crystal guardian (Vaults:4)
  2 deep elf high priests (Vaults:5)
  4 yaktaur captains
  8 hydras
  31 vault guards
  3 great orbs of eyes
  2 ice dragons (IceCv)
  4 merfolk avatars
  5 centaur warriors
  A death knight (Vaults:1)
  A queen ant (Lair:5)
  33 two-headed ogres
  4 death yaks (Lair:6)
  4 satyrs
  11 merfolk aquamancers
  8 ogre magi
  4 orc high priests (Orc:2)
  A deep elf knight (Vaults:2)
  11 skeletal warriors
  A fire crab (shapeshifter) (Vaults:1)
  2 unseen horrors
  6 sea snakes
  2 shadow wraiths
  6 large abominations
  A sixfirhy (Lair:6)
  A glowing orange brain (Vaults:2)
  2 deep trolls
  15 ironbrand convokers
  3 wizards
  A shadow dragon zombie (Vaults:4)
  8 orc knights
  8 harpies
  25 wolf spiders
  A phantasmal warrior (Vaults:5)
  25 orb spiders
  Pikel (D:7)
  A necromancer (Vaults:4)
  3 deep elf magi
  A lindwurm (Lair:4)
  2 ugly things
  6 orc sorcerers
  A stone giant zombie (Vaults:4)
  4 oklob plants (Lair:3)
  7 fauns
  A moth of wrath (Spider:3)
  5 cyclopes
  12 manticores
  2 ice statues (IceCv)
  8 merfolk sirens
  2 torpor snails
  13 elephants
  8 water nymphs
  3 black mambas
  13 spiny frogs
  A gargoyle (D:13)
  7 vault sentinels
  An orange demon (Lair:6)
  A komodo dragon (Lair:4)
  A hellwing (Lair:6)
  7 rime drakes
  31 yaktaurs
  12 demonic crawlers
  An ice devil (Lair:6)
  3 freezing wraiths
  31 jumping spiders
  10 hornets
  5 trolls
  4 red devils (Lair:6)
  28 merfolk
  9 wind drakes
  4 polar bears
  Prince Ribbit (D:8)
  8 slime creatures (Vaults:1)
  15 blink frogs
  11 hippogriffs
  A meliai zombie (D:13)
  The ghost of stickyfingers the Slasher, an amateur OpCK of Xom (D:4)
  6 snapping turtles
  16 dream sheep
  A fire giant simulacrum (Vaults:2)
  The ghost of hpc the Cudgeler, an amateur GrFi (D:5)
  A spriggan (Lair:2)
  6 wraiths
  49 yaks
  The ghost of Lathuz the Magician, an amateur DEFE (D:3)
  52 redbacks
  16 water elementals
  6 wyverns
  4 hogs (D:7)
  22 tarantellas
  A vampire (D:12)
  4 fire elementals (D:13)
  2 humans
  2 basilisks
  2 hungry ghosts (D:12)
  Edmund (D:5)
  24 soldier ants
  4 wargs
  2 acid dragons (D:12)
  7 hell hounds
  A deep troll skeleton (Vaults:4)
  15 water moccasins
  7 porcupines
  Duvessa (D:7)
  47 orc warriors
  A human zombie (Vaults:4)
  15 ice beasts
  3 eyes of draining
  4 slaves
  5 black bears
  A black bear (shapeshifter) (Vaults:4)
  A hornet zombie (D:13)
  5 sky beasts
  4 necrophages
  5 phantoms
  9 boggarts (Vaults:1)
  10 wolves
  28 ogres
  14 crocodiles
  8 centaurs
  An elf zombie (Ossuary)
  A wyvern zombie (D:13)
  18 bullfrogs
  Dowan (D:7)
  A water moccasin skeleton (D:2)
  6 scorpions
  2 troll zombies (Ossuary)
  7 killer bees
  18 wights
  3 electric eels
  A howler monkey (D:6)
  A centaur zombie (Ossuary)
  6 crimson imps
  2 bullfrog zombies
  8 jellies
  2 quasits
  34 orc priests
  2 centaur skeletons
  9 hounds
  26 orc wizards
  10 small abominations
  2 bullfrog skeletons
  An iguana (D:12)
  36 worker ants
  2 ogre zombies (Ossuary)
  2 hound skeletons
  8 mummies
  A howler monkey zombie (D:9)
  A gnoll (D:1)
  A howler monkey skeleton (D:9)
  6 adders
  3 shadow imps
  2 oozes
  7 adder zombies (Ossuary)
  2 adder skeletons
  3 worms
  2 dart slugs
  10 leopard geckos
  147 orcs
  2 ball pythons
  7 bats
  3 giant cockroaches
  6 goblins
  7 hobgoblins
  17 jackals
  7 quokkas
  6 frilled lizards
  3 goblin zombies (Ossuary)
  2 hobgoblin zombies (Ossuary)
  10 kobolds
  4 kobold zombies (Ossuary)
  2 leopard gecko skeletons (D:4)
  5 quokka zombies (Ossuary)
  6 rats
  3 rat zombies (Ossuary)
  A crawling corpse (Vaults:5)
  10 fungi
  20 plants
  9 tentacles
1541 creatures vanquished.

Vanquished Creatures (others)
  An orb spider (Spider:4)
  4 redbacks (Spider:4)
  A tarantella (Spider:4)
  3 wolves (Lair:6)
  A boggart (Vaults:1)
  An orc wizard (Orc:2)
  3 orcs
  19 fungi
  17 plants
  9 tentacles
59 creatures vanquished.

Grand Total: 1600 creatures vanquished

Notes
Turn   | Place    | Note
-------+----------+-------------------------------------------
     0 | D:1      | Amnesiac the Minotaur Fighter began the quest for the Orb.
     0 | D:1      | Reached XP level 1. HP: 19/19 MP: 0/0
    48 | D:1      | Reached XP level 2. HP: 19/26 MP: 1/1
   175 | D:1      | Reached XP level 3. HP: 15/31 MP: 2/2
   926 | D:2      | Reached skill level 5 in Axes
  1032 | D:2      | Reached XP level 4. HP: 33/39 MP: 3/3
  1725 | D:3      | Reached XP level 5. HP: 45/45 MP: 4/4
  1779 | D:3      | Found an ornate altar of the Wu Jian Council.
  1888 | D:3      | Noticed Lathuz's ghost (amateur DEFE)
  1930 | D:3      | Found a faded altar of an unknown god.
  2271 | D:4      | Found a snail-covered altar of Cheibriados.
  2284 | D:4      | Reached XP level 6. HP: 29/51 MP: 5/5
  2325 | D:4      | Noticed stickyfingers's ghost (amateur OpCK)
  2338 | D:4      | Killed stickyfingers's ghost
  2605 | D:4      | Reached skill level 1 in Dodging
  2610 | D:4      | Reached XP level 7. HP: 20/57 MP: 6/6
  3371 | D:5      | Entered Level 5 of the Dungeon
  3378 | D:5      | Noticed hpc's ghost (amateur GrFi)
  3549 | D:5      | Killed hpc's ghost
  3813 | D:3      | Found an ornate altar of the Wu Jian Council.
  3827 | D:3      | Killed Lathuz's ghost
  4139 | D:5      | Found a staircase to the Ecumenical Temple.
  4151 | D:5      | Reached XP level 8. HP: 49/67 MP: 7/7
  4155 | Temple   | Entered the Ecumenical Temple
  4493 | Temple   | Became a worshipper of Warmaster Okawaru
  4568 | D:5      | Noticed Edmund
  4584 | D:5      | Killed Edmund
  5265 | D:6      | Reached skill level 5 in Fighting
  5265 | D:6      | Reached skill level 10 in Axes
  5389 | D:6      | Reached skill level 5 in Armour
  5389 | D:6      | Reached skill level 5 in Shields
  5389 | D:6      | Reached skill level 1 in Invocations
  5419 | D:6      | Found Waquvakk's Book Shop.
  5426 | D:6      | Reached * piety under Okawaru
  5624 | D:6      | Reached XP level 9. HP: 73/74 MP: 9/9
  5630 | D:6      | Reached skill level 5 in Dodging
  5656 | D:6      | Found a stormy altar of Qazlal.
  5826 | D:7      | Noticed Pikel
  5850 | D:7      | Killed Pikel
  5850 | D:7      | Reached ** piety under Okawaru
  5896 | D:7      | Found Fop Wuve's Antique Armour Shop.
  5905 | D:7      | Bought a pair of embroidered gloves for 165 gold pieces
  5927 | D:7      | Noticed Duvessa
  5931 | D:7      | Noticed Dowan
  5944 | D:7      | Killed Duvessa
  5958 | D:7      | Killed Dowan
  6046 | D:7      | Found Duofoval's Jewellery Shoppe.
  6057 | D:7      | Reached *** piety under Okawaru
  6304 | D:7      | Found Efogirr's Gadget Emporium.
  6416 | D:7      | Reached XP level 10. HP: 65/83 MP: 11/11
  6739 | D:7      | Found Ovy Uwal's Gadget Emporium.
  6864 | D:8      | Reached **** piety under Okawaru
  6883 | D:8      | Found a sand-covered staircase.
  6953 | Ossuary  | Entered an ossuary
  7559 | D:8      | Noticed Prince Ribbit
  7585 | D:8      | Killed Prince Ribbit
  8248 | D:9      | Reached ***** piety under Okawaru
  8384 | D:9      | Noticed a two-headed ogre
  8390 | D:9      | Killed a two-headed ogre
  8390 | D:9      | Reached skill level 5 in Invocations
  8565 | D:9      | Reached XP level 11. HP: 82/93 MP: 13/13
  8877 | D:9      | Received a gift from Okawaru
  9064 | D:10     | Entered Level 10 of the Dungeon
  9183 | D:10     | Noticed Sonja
  9184 | D:10     | Noticed Sonja
  9184 | D:10     | Sonja changed into Sonja the ice beast
  9193 | D:10     | Killed Sonja the ice beast
  9286 | D:10     | Found a roughly hewn altar of Beogh.
  9593 | D:11     | Found a staircase to the Orcish Mines.
  9612 | Orc:1    | Entered Level 1 of the Orcish Mines
  9627 | Orc:1    | Found Fosyv's Assorted Antiques.
  9763 | Orc:1    | Bought a scroll labeled WATHRE SOEDI for 25 gold pieces
  9764 | Orc:1    | Identified a scroll of acquirement {!r}
  9765 | Orc:1    | Got a flickering ivory ring
  9767 | Orc:1    | Identified the ring of Muib {rF+ MR+} (You acquired it on level 1 of the Orcish Mines)
  9815 | Orc:1    | Noticed an orc sorcerer
  9828 | Orc:1    | Killed an orc sorcerer
  9954 | Orc:1    | Noticed a wolf spider
 10016 | Orc:2    | Entered Level 2 of the Orcish Mines
 10360 | Orc:2    | Noticed a two-headed ogre
 10366 | Orc:2    | Killed a two-headed ogre
 10625 | Orc:1    | Noticed an orc sorcerer
 10639 | Orc:1    | Killed an orc sorcerer
 11187 | Orc:2    | Noticed a two-headed ogre
 11196 | Orc:2    | Killed a two-headed ogre
 11232 | Orc:2    | Noticed an orc knight
 11238 | Orc:2    | Killed an orc knight
 11238 | Orc:2    | Received a gift from Okawaru
 11736 | Orc:2    | Noticed an orc high priest
 11738 | Orc:2    | Noticed a soul eater
 12032 | Orc:2    | Reached XP level 12. HP: 33/103 MP: 15/15
 12247 | Orc:2    | Found a roughly hewn altar of Beogh.
 12248 | Orc:2    | Noticed a two-headed ogre
 12258 | Orc:2    | Killed a two-headed ogre
 12466 | Orc:2    | Noticed a stone giant
 12481 | Orc:2    | Killed a stone giant
 12497 | Orc:2    | Found Unoukegg's Jewellery Boutique.
 12519 | Orc:2    | Found Qiuhasit's Antique Weapon Shop.
 12522 | Orc:2    | Received a gift from Okawaru
 12543 | Orc:2    | Bought a runed broad axe for 224 gold pieces
 13022 | Orc:2    | Noticed a two-headed ogre
 13024 | Orc:2    | Noticed Nessos
 13035 | Orc:2    | Killed a two-headed ogre
 13057 | Orc:2    | Killed Nessos
 13058 | Orc:2    | HP: 3/105 [orc priest/divine providence (13)]
 13069 | Orc:2    | Reached skill level 10 in Shields
 13307 | Orc:2    | Killed an orc high priest
 13307 | Orc:2    | Reached skill level 10 in Fighting
 13307 | Orc:2    | Reached skill level 10 in Armour
 13341 | Orc:2    | Found a staircase to the Elven Halls.
 13368 | Orc:2    | Noticed an orc warlord
 13401 | Orc:2    | Killed an orc warlord
 13401 | Orc:2    | Reached skill level 15 in Axes
 13416 | Orc:2    | Noticed an orc high priest
 13426 | Orc:2    | Killed an orc high priest
 13642 | Orc:2    | Noticed an orc high priest
 13659 | Orc:2    | Killed an orc high priest
 13678 | Orc:2    | Reached XP level 13. HP: 93/113 MP: 17/17
 13728 | Orc:2    | Found Toiluneh's Distillery.
 13738 | Orc:2    | Reached ****** piety under Okawaru
 13761 | Orc:2    | Found a roughly hewn altar of Beogh.
 13777 | Orc:2    | Found Kuchaate's Antique Armour Boutique.
 14520 | Orc:2    | Bought a shiny large shield for 187 gold pieces
 14668 | D:11     | Received a gift from Okawaru
 14683 | D:11     | Got an encrusted hand axe {god gift}
 14684 | D:11     | Identified the +6 hand axe "Huufoh" {flame, *Noise rElec Str+4 Int+6} (Okawaru gifted it to you on level 11 of the Dungeon)
 14713 | D:11     | Found a staircase to the Lair.
 15137 | D:11     | Found Ycwy Ewo's Gadget Emporium.
 15758 | D:11     | Got a slimy great sword
 15760 | D:11     | Got a coiled pewter ring
 15771 | D:11     | Identified the +2 great sword "Deoty" {slice, rC- rN++ SInv Stlth+} (You found it on level 11 of the Dungeon)
 15780 | D:11     | Identified the ring "Huybuc" {rElec rC- MR+ Int+3 SInv} (You found it on level 11 of the Dungeon)
 15909 | Lair:1   | Entered Level 1 of the Lair of Beasts
 15985 | Lair:1   | Got an encrusted dagger
 16049 | Lair:1   | Reached skill level 10 in Dodging
 16215 | Lair:1   | Got a jewelled cloak
 16221 | Lair:1   | Identified the cursed +0 cloak of Pragmatism {Slay+2} (You found it on level 1 of the Lair of Beasts)
 16672 | Lair:2   | Received a gift from Okawaru
 16701 | Lair:2   | Found the macabre finger necklace {rN+}
 17094 | D:12     | Found a frozen archway.
 17107 | IceCv    | Entered an ice cave
 17299 | IceCv    | Received a gift from Okawaru
 17299 | IceCv    | Reached XP level 14. HP: 96/124 MP: 12/19
 17302 | IceCv    | Got a bloodstained broad axe {god gift}
 17303 | IceCv    | Identified the +8 broad axe of Generosity {freeze, Str+3 Int+3} (Okawaru gifted it to you in an ice cave)
 17362 | IceCv    | Got a wavering jade ring
 17368 | IceCv    | Identified the ring "Para" {rPois Int+3 Dex+2 SInv} (You found it in an ice cave)
 18356 | Lair:2   | Learned a level 2 spell: Poisonous Vapours
 18360 | Lair:2   | Learned a level 3 spell: Mephitic Cloud
 18885 | Lair:3   | Found a staircase to the Shoals.
 19768 | Lair:3   | Got an iridescent double sword
 19769 | Lair:3   | Identified the +3 double sword of Classification {venom, +Inv Str+3} (You found it on level 3 of the Lair of Beasts)
 19814 | Lair:4   | Received a gift from Okawaru
 20157 | Lair:4   | Found a hole to the Spider Nest.
 20246 | Lair:4   | Got an ichor-stained plate armour
 20588 | Lair:5   | Noticed Josephine
 20601 | Lair:5   | Killed Josephine
 20610 | Lair:5   | Received a gift from Okawaru
 20633 | Lair:5   | Noticed an entropy weaver
 20637 | Lair:5   | Noticed an entropy weaver
 20658 | Lair:5   | Killed an entropy weaver
 21039 | Lair:5   | Killed an entropy weaver
 21220 | Lair:5   | Reached XP level 15. HP: 134/134 MP: 20/20
 21617 | Lair:6   | Entered Level 6 of the Lair of Beasts
 21649 | Lair:6   | Received a gift from Okawaru
 21762 | Lair:6   | Identified the +6 plate armour "Lynu" {rF++} (You found it on level 4 of the Lair of Beasts)
 21863 | Lair:6   | Found a staircase to the Slime Pits.
 22106 | Lair:6   | Found a shattered altar of Ashenzari.
 22393 | Lair:6   | Found a burning altar of Makhleb.
 22423 | Lair:6   | Found a gateway to Hell.
 22433 | Lair:6   | Got a scorched rapier
 23041 | D:6      | Bought a manual of Fighting for 1545 gold pieces
 23230 | Spider:1 | Entered Level 1 of the Spider Nest
 23230 | Spider:1 | Noticed Rupert
 23243 | Spider:1 | Killed Rupert
 23547 | Spider:1 | Received a gift from Okawaru
 23547 | Spider:1 | Reached skill level 15 in Fighting
 23552 | Spider:1 | Got an ancient hunting sling {god gift}
 23553 | Spider:1 | Identified the +2 hunting sling "Refy" {flame, rN+ MR++ Str+2} (Okawaru gifted it to you on level 1 of the Spider Nest)
 23719 | Spider:2 | Noticed a ghost moth
 23725 | Spider:2 | Killed a ghost moth
 24093 | Spider:2 | Received a gift from Okawaru
 24093 | Spider:2 | Reached XP level 16. HP: 150/157 MP: 21/21
 24670 | Spider:3 | Got a shimmering battleaxe
 24893 | Spider:4 | Entered Level 4 of the Spider Nest
 24893 | Spider:4 | Noticed stickyfingers's ghost (adept OpCK)
 25790 | Spider:4 | Killed stickyfingers's ghost
 25790 | Spider:4 | Received a gift from Okawaru
 26242 | Spider:4 | Reached skill level 15 in Armour
 26578 | Spider:4 | Received a gift from Okawaru
 26630 | Spider:4 | Got a gossamer rune of Zot
 26752 | Shoals:1 | Entered Level 1 of the Shoals
 26801 | Shoals:1 | Reached XP level 17. HP: 168/168 MP: 22/22
 27241 | Shoals:1 | Learned a level 3 spell: Spectral Weapon
 27245 | Shoals:1 | Learned a level 3 spell: Regeneration
 27739 | Shoals:2 | Found a bloodstained altar of Trog.
 27744 | Shoals:2 | Noticed a kraken
 27756 | Shoals:2 | Killed a kraken
 28077 | Shoals:2 | Noticed a kraken
 28084 | Shoals:2 | Killed a kraken
 28167 | Shoals:2 | Got a crude falchion {pain}
 28327 | Shoals:3 | Received a gift from Okawaru
 28988 | Shoals:3 | Noticed tsouns's ghost (adept GnWn)
 29009 | Shoals:3 | Killed tsouns's ghost
 29199 | Shoals:4 | Entered Level 4 of the Shoals
 29200 | Shoals:4 | Noticed Ilsuiw
 29248 | Shoals:4 | Killed Ilsuiw
 29284 | Shoals:4 | Noticed a kraken
 29289 | Shoals:4 | Received a gift from Okawaru
 29304 | Shoals:4 | Killed a kraken
 29314 | Shoals:4 | Reached skill level 15 in Shields
 29323 | Shoals:4 | Got a barnacled rune of Zot
 29539 | Shoals:4 | Learned a level 1 spell: Summon Butterflies
 29804 | Shoals:4 | Reached XP level 18. HP: 168/176 MP: 23/23
 30102 | D:13     | Noticed Azrael
 30117 | D:13     | Killed Azrael
 30177 | D:13     | Found a flickering gateway to a bazaar.
 30182 | D:13     | Received a gift from Okawaru
 30213 | Bazaar   | Entered a bazaar
 30220 | Bazaar   | Found Atupsox's Weapon Emporium.
 30229 | Bazaar   | Found Oskax's Antique Armour Boutique.
 30270 | Bazaar   | Found Raec's Weapon Shoppe.
 30278 | Bazaar   | Found Xalydu Yquha's Distillery.
 30286 | Bazaar   | Bought a potion of heal wounds for 50 gold pieces
 31217 | D:14     | Found a gate to the Vaults.
 31229 | Vaults:1 | Entered Level 1 of the Vaults
 31330 | Vaults:1 | Received a gift from Okawaru
 31627 | Vaults:1 | Received a gift from Okawaru
 31666 | Vaults:1 | Got faintly glowing fire dragon scales {god gift}
 31679 | Vaults:1 | Identified the +2 fire dragon scales "Minwaam" {+Inv rF++ rC-} (Okawaru gifted it to you on level 1 of the Vaults)
 31882 | Vaults:1 | Reached XP level 19. HP: 156/182 MP: 24/24
 31887 | Vaults:1 | Reached skill level 15 in Dodging
 32435 | Vaults:3 | Received a gift from Okawaru
 32829 | Vaults:4 | Found Donu's Jewellery Boutique.
 32878 | Vaults:4 | Noticed a lich
 32885 | Vaults:4 | Killed a lich
 33029 | Vaults:5 | Entered Level 5 of the Vaults
 33132 | Vaults:5 | Received a gift from Okawaru
 33158 | Vaults:5 | Reached XP level 20. HP: 153/191 MP: 19/25
 33179 | Vaults:5 | Noticed a golden dragon
 33190 | Vaults:5 | Received a gift from Okawaru
 33204 | Vaults:5 | Killed a golden dragon
 33209 | Vaults:5 | Killed from afar by a deep elf sorcerer

Vault maps used:
D:1:      minmay_arrival_arboretum_small, serial_bayou, serial_bayou_shore_b,
          serial_bayou_pond_a, serial_bayou_lake_a, serial_bayou_shore_a,
          minmay_octomino_e4
D:3:      nicolae_overflow_hidden_temple, chequers_ecumenical_altar_island,
          lemuel_another_geyser
D:4:      first_ration, cheibriados_altar_1
D:5:      minmay_temple_entry_grid, minivault_19, uniq_edmund
D:6:      serial_shops, shop, grunt_qazlal_sundering
D:7:      serial_shops, nicolae_shop_trees, shop, nicolae_shop_stone, shop,
          serial_undead, serial_undead_e, serial_undead_b, serial_undead_d,
          serial_undead_a, grunt_livestock, uniq_duvessa, uniq_pikel
D:8:      nicolae_ossuary_entry_false_entrances, uniq_prince_ribbit1
D:10:     special_room, uniq_sonja
D:11:     due_lair_maze_entry_diamond, orc_0_dummy, serial_shops,
          nicolae_shop_stone, laboratory
D:12:     portal_ice_cave_entry_pillars_2, grunt_ministairs_3
D:13:     serial_shops, bzr_entry_customers, uniq_azrael
D:14:     grunt_vaults_entry_fortified, nicolae_trove_entry_free_sample,
          infiniplex_staircase_zigzag_5
Temple:   regret_index_temple_sigil_plot
Lair:2:   st_stairs_8, grunt_forest_stairs_clearing, serial_bayou_shore_b
Lair:3:   statuecave_lemuel, minmay_shoals_entry_beasts,
          grunt_forest_small_clearings, minmay_lair_oklob_chamber
Lair:4:   nicolae_spider_entry_non_spiders, serial_bayou_lagoon_a
Lair:5:   zaba_anthell, infiniplex_staircase_pool_2, uniq_josephine
Lair:6:   evil_forest, nicolae_slime_entry_slimehenge, basic_altar,
          grunt_forest_stairs_basic, st_stairs_5
Shoals:2: wheals_shoals_ruined_temple
Shoals:3: nicolae_shoals_water_shrine
Shoals:4: shoals_end_hangedman, shoals_ilsuiw_ice, nicolae_shoals_loop_pool
Spider:1: spider_trap, nicolae_spider_webs_and_nodes, uniq_rupert
Spider:2: spider_trap, hangedman_spider_tarantella_strand
Spider:3: nicolae_spider_cling_ruins
Spider:4: spider_rune_water
Orc:1:    nicolae_orc_accident_3, serial_shops, shop
Orc:2:    pubby_orc_utopia, uniq_nessos
Vaults:1: vaults_room_pool, hangedman_vaults_maws, nicolae_vaults_network_s,
          grunt_vaults_trifunnel, nicolae_vaults_network_star, v_misc_30,
          hangedman_vaults_stretched_pinwheel,
          nicolae_vaults_windows_and_doors_thing
Vaults:2: hangedman_vaults_corner, minmay_crypt_entry_simple_corners,
          ontoclasm_vaults_ring_square, v_misc_30, v_misc_29,
          vaults_dpeg_diagonal, hangedman_vaults_impose, v_misc_11,
          nicolae_vaults_little_ls, nicolae_vaults_yaktaur_gun_rack,
          grunt_vaults_diagonal, v_alt_pattern_5, ontoclasm_vaults_idyll,
          uniq_asterion, uniq_saint_roka, uniq_jory, uniq_jorgrun
Vaults:3: v_pattern_5, nicolae_vaults_little_squares_2,
          hangedman_vaults_stitches, vaults_dpeg_spiral,
          dpeg_vaults_monster_row, vaults_room_stairs_pillars, v_misc_2,
          vaults_dpeg_hooks, vaults_room_octagon, ontoclasm_vaults_pinch,
          ontoclasm_vaults_ring_square, nicolae_vaults_statue_guard,
          vaults_room_stairs_pillars, vaults_room_pools,
          nicolae_vaults_diagonal_hallway_8, nicolae_vaults_mini_display_case,
          vaults_dpeg_ring
Vaults:4: v_misc_27, hangedman_vaults_pinch, nicolae_vaults_little_squares_1,
          ontoclasm_vaults_chip, grunt_vaults_bifocal,
          vaults_standard_mumra_lines, v_misc_3, vaults_room_fours,
          serial_shops, nicolae_shop_trees
Vaults:5: uniq_frederick
Bazaar:   bazaar_jpeg_ribbon
Ossuary:  ossuary_boxes_badplayer
IceCv:    ice_cave_small_dragons

Skill      XL: |  1  2  3  4  5  6  7  8  9 10 11 12 13 14 15 16 17 18 19 |
---------------+----------------------------------------------------------+-----
Axes           | 3 4 5 6 7 8 9 10 11 12 13 15 16 17 18 | 18.2
Dodging        | 2 4 6 7 8 9 10 11 12 13 14 18 | 18.4
Fighting       | 4 5 6 7 9 10 11 12 17 19 | 19.4
Armour         | 4 5 6 7 9 10 11 12 13 15 19 | 19.5
Shields        | 4 5 6 8 9 10 11 12 13 14 15 19 | 19.4
Invocations    | 2 3 5 6 7 8 |  8.5

Action                   |  1- 3 |  4- 6 |  7- 9 | 10-12 | 13-15 | 16-18 | 19-21 || total
-------------------------+-------+-------+-------+-------+-------+-------+-------++-------
Melee: War axe           |    78 |   104 |   329 |   302 |       |     9 |       ||   822
       Headbutt          |    12 |    17 |    67 |   198 |   224 |   315 |    75 ||   908
       Broad axe         |       |       |       |   605 |   947 |  1137 |   312 ||  3001
       Hand axe          |       |       |       |       |    80 |       |       ||    80
 Fire: Blowgun           |       |       |       |     9 |       |       |       ||     9
Invok: Finesse           |       |       |       |     5 |     5 |     6 |     1 ||    17
       Heroism           |       |       |       |     6 |     5 |     6 |     1 ||    18
 Abil: Stop Flying       |       |       |       |       |       |       |     1 ||     1
Evoke: Wand              |       |       |       |     1 |       |       |       ||     1
  Use: Scroll            |       |     9 |       |    15 |    12 |     5 |     1 ||    42
       Potion            |       |       |     1 |     4 |     1 |     1 |       ||     7
  Eat: Chunk             |     1 |     4 |    10 |    24 |    29 |    26 |     4 ||    98
       Ration            |       |       |     1 |       |     2 |       |       ||     3
Armor: Scale mail        |    20 |       |       |       |       |       |       ||    20
       Plate armour      |    19 |    61 |   140 |   215 |    76 |   305 |    58 ||   874
       Skin              |       |       |     3 |       |    19 |       |       ||    22
       Chain mail        |       |       |       |       |   164 |       |       ||   164
       Acid dragon scale |       |       |       |       |     9 |       |       ||     9
Dodge: Dodged            |    15 |    10 |    59 |   154 |   305 |   339 |    82 ||   964
Block: Shield            |    40 |    51 |   184 |   485 |    13 |       |       ||   773
       Large shield      |       |       |       |       |   990 |  1092 |   325 ||  2407

Table legend:
 A = Spawn XP
 B = Non-spawn XP
 C = Spawn XP percentage of total XP
 D = Spawn monster count
 E = Non-spawn monster count
 F = Spawn count percentage of total count
 G = Total turns spent on level
                    A         B        C        D         E        F      G
               +---------+---------+-------+---------+---------+-------+---------
         Total |       0 |  502015 |   0.0 |       0 |    1499 |   0.0 | 33209
               +---------+---------+-------+---------+---------+-------+---------
           D:1 |       0 |      66 |   0.0 |       0 |      28 |   0.0 |   912
           D:2 |       0 |     125 |   0.0 |       0 |      16 |   0.0 |   918
           D:3 |       0 |     299 |   0.0 |       0 |      23 |   0.0 |  1011
           D:4 |       0 |     686 |   0.0 |       0 |      21 |   0.0 |  1145
           D:5 |       0 |     582 |   0.0 |       0 |      10 |   0.0 |   867
           D:6 |       0 |    1173 |   0.0 |       0 |      28 |   0.0 |   646
           D:7 |       0 |    3785 |   0.0 |       0 |      44 |   0.0 |  1065
           D:8 |       0 |    1173 |   0.0 |       0 |      23 |   0.0 |  1006
           D:9 |       0 |    2942 |   0.0 |       0 |      40 |   0.0 |  1317
          D:10 |       0 |    1037 |   0.0 |       0 |      46 |   0.0 |   691
          D:11 |       0 |    9134 |   0.0 |       0 |      45 |   0.0 |  1690
          D:12 |       0 |    8516 |   0.0 |       0 |      46 |   0.0 |   543
          D:13 |       0 |    7432 |   0.0 |       0 |      30 |   0.0 |   641
          D:14 |       0 |   17182 |   0.0 |       0 |      28 |   0.0 |   197
        Lair:1 |       0 |    5552 |   0.0 |       0 |      24 |   0.0 |   753
        Lair:2 |       0 |    4936 |   0.0 |       0 |      22 |   0.0 |  1124
        Lair:3 |       0 |    6344 |   0.0 |       0 |      23 |   0.0 |  1061
        Lair:4 |       0 |    8109 |   0.0 |       0 |      28 |   0.0 |  1173
        Lair:5 |       0 |   17629 |   0.0 |       0 |      86 |   0.0 |   682
        Lair:6 |       0 |   23974 |   0.0 |       0 |      69 |   0.0 |  1225
      Shoals:1 |       0 |   12860 |   0.0 |       0 |      30 |   0.0 |   657
      Shoals:2 |       0 |   18927 |   0.0 |       0 |      33 |   0.0 |   875
      Shoals:3 |       0 |   15245 |   0.0 |       0 |      31 |   0.0 |   976
      Shoals:4 |       0 |   32306 |   0.0 |       0 |      53 |   0.0 |   685
      Spider:1 |       0 |    8445 |   0.0 |       0 |      16 |   0.0 |   396
      Spider:2 |       0 |   18018 |   0.0 |       0 |      45 |   0.0 |   716
      Spider:3 |       0 |   15720 |   0.0 |       0 |      42 |   0.0 |  1240
      Spider:4 |       0 |   43015 |   0.0 |       0 |      89 |   0.0 |  1146
         Orc:1 |       0 |    3372 |   0.0 |       0 |      45 |   0.0 |  1083
         Orc:2 |       0 |   23450 |   0.0 |       0 |     139 |   0.0 |  3649
      Vaults:1 |       0 |   63172 |   0.0 |       0 |     101 |   0.0 |   811
      Vaults:2 |       0 |   29808 |   0.0 |       0 |      37 |   0.0 |   367
      Vaults:3 |       0 |    3409 |   0.0 |       0 |       6 |   0.0 |    47
      Vaults:4 |       0 |   37903 |   0.0 |       0 |      50 |   0.0 |   664
      Vaults:5 |       0 |   49879 |   0.0 |       0 |      45 |   0.0 |    91
       Ossuary |       0 |     515 |   0.0 |       0 |      37 |   0.0 |   341
         IceCv |       0 |    5295 |   0.0 |       0 |      20 |   0.0 |   331
               +---------+---------+-------+---------+---------+-------+---------
